 Dungeon Crawl Stone Soup version 0.29-a0-207-gf982a884d8 (webtiles) character file.

Game seed: 726706886746881723

53 bande the Covered (level 3, -6/24 HPs)
             Began as a Gargoyle Fighter on Feb 23, 2022.
             Killed by nerve-wracking pain
             ... invoked by Grinder
              (7 damage)
             ... while paralysed by Grinder
             ... on level 3 of the Dungeon.
             The game lasted 00:02:43 (1560 turns).

bande the Covered (Gargoyle Fighter)                Turns: 1560, Time: 00:02:44

Health: -6/24      AC: 10    Str: 19    XL:     3   Next: 87%
Magic:  3/3        EV:  2    Int:  8    God:
Gold:   79         SH:  0    Dex: 11    Spells: 2/2 levels left

rFire   . . .      SeeInvis .   a - +0 war axe
rCold   . . .      Faith    .   c - +0 buckler
rNeg    + . .      Spirit   .   b - +0 scale mail
rPois   ∞          Reflect  .   j - +0 hat
rElec   +          Harm     .   (no cloak)
rCorr   .          Rampage  .   (no gloves)
Will    .....                   (no boots)
Stlth   ..........              (no amulet)
HPRegen 0.08/turn               (no ring)
MPRegen 0.08/turn               (no ring)

@: paralysed
A: sickness immunity, AC +3, negative energy resistance 1, electricity
resistance, torment resistance 1, petrification resistance
a: no special abilities


You were on level 3 of the Dungeon.
You visited 1 branch of the dungeon, and saw 3 of its levels.

You collected 79 gold pieces.

Inventory:

Hand Weapons
 a - a +0 war axe (weapon)
Missiles
 h - a throwing net (quivered)
Armour
 b - a +0 scale mail (worn)
 c - a +0 buckler (worn)
 j - a +0 hat (worn)
Jewellery
 g - a ring of wizardry
Potions
 d - 3 potions of might
 e - a potion of haste {unknown}
 f - a potion of flight {unknown}
 i - a potion of heal wounds {unknown}
 k - 2 potions of degeneration {unknown}
 l - a potion of attraction {unknown}


   Skills:
 + Level 3.7 Fighting
 + Level 2.5 Axes
 + Level 3.8 Armour
 + Level 3.6 Shields


You had 2 spell levels left.
You didn't know any spells.
Your spell library contained the following spells:

 Spells                   Type           Power      Damage    Failure   Level
 Blink                    Tloc           0%         N/A       94%         2
 Manifold Assault         Tloc           0%         N/A       100%        5
 Storm Form               Tmut/Air       0%         N/A       100%        7


Dungeon Overview and Level Annotations

Branches:
Dungeon (3/15)

Altars:
Fedhas

Annotations:
D:3 Grinder


Innate Abilities, Weirdness & Mutations

You are immune to sickness and miasma.
Your stone body is resilient. (AC +3)
You are immune to poison.
You resist negative energy. (rN+)
You are resistant to electric shocks. (rElec)
You are resistant to unholy torment.
You are immune to petrification.


Message History

A goblin comes into view. It is wielding a +0 dagger.
The goblin shouts!
The goblin hits you but does no damage.
You hit the goblin.
You kill the goblin!
Grinder comes into view.
Found a spear.
Grinder shouts!
Things that are here:
a +0 dagger; a goblin corpse
Found a stone staircase leading up.
Grinder gestures at you.
You suddenly lose the ability to move!
Grinder gestures at you. Pain shoots through your body!
Grinder hits you but does no damage.
You can move again.
You closely miss Grinder. Grinder hits you but does no damage.
You hit Grinder.
Grinder is lightly wounded.
Grinder hits you but does no damage.
Grinder blinks!
Grinder gestures at you. Pain shoots through your body!
Grinder blinks!
Found a dagger.
Grinder gestures at you. Pain shoots through your body!
You closely miss Grinder. Grinder gestures at you.
You suddenly lose the ability to move!
Grinder says, "Mostly I couldn't keep them alive."
Grinder hits you.
* * * LOW HITPOINT WARNING * * *
You writhe in agony.
* * * LOW HITPOINT WARNING * * *
Grinder gestures at you.
You shrug off the repeated paralysis!
Grinder gestures at you. Pain shoots through your body!
You die...

###+######..
#........).###
#............
#..........#
#..........#
#..........#
#....<.....#
#....5@....#
#..........#
#.........#####
#...............
#...............
#...............
#........)......
#.......)#########
.................


You could see Grinder.

Vanquished Creatures
  A worm (D:2)
  A dart slug (D:2)
  5 bats
  2 endoplasms (D:1)
  2 giant cockroaches
  5 goblins
  6 hobgoblins
  4 jackals (D:2)
  A quokka (D:2)
  8 ball pythons (D:1)
  3 kobolds
  5 rats
43 creatures vanquished.

Notes
Turn   | Place    | Note
-------+----------+-------------------------------------------
     0 | D:1      | bande the Gargoyle Fighter began the quest for the Orb.
     0 | D:1      | Reached XP level 1. HP: 14/14 MP: 1/1
   136 | D:1      | Reached XP level 2. HP: 19/19 MP: 2/2
   467 | D:1      | Reached XP level 3. HP: 23/23 MP: 3/3
   904 | D:2      | Found a blossoming altar of Fedhas.
  1543 | D:3      | Noticed Grinder
  1546 | D:3      | Paralysed by Grinder for 3 turns
  1557 | D:3      | Paralysed by Grinder for 4 turns
  1558 | D:3      | HP: 1/24 [Grinder (3)]
  1560 | D:3      | Killed from afar by Grinder

Illustrated notes

Levels and vault maps discovered:
D:1:      minmay_arrival_radiant_lines, layout_basic, roderic_roman_lattice,
          serial_park_tiny_2
D:2:      layout_loops_ring, basic_altar, st_stairs_4, grunt_decor_fettered
D:3:      cheibrodos_fertilizer, layout_basic,
          ebering_ecumenical_altar_sacrificial, uniq_grinder

Skill      XL: |  1  2 |
---------------+-------+-----
Axes           | 2 |  2.5
Fighting       | |  3.7
Armour         | |  3.8
Shields        | |  3.6

Action                   || total
-------------------------++-------
Melee: War axe           ||   126
  Use: Scroll            ||     3
Armor: Scale mail        ||    70
Dodge: Dodged            ||    51
Block: Buckler           ||    34

Table legend: (Time is in decaauts)
 A = Elapsed time spent in this place.
 B = Non-inter-level travel time spent in this place.
 C = Inter-level travel time spent in this place.
 D = Time resting spent in this place.
 E = Time spent auto-exploring this place.
 F = Levels seen in this place.
 G = Mean time per level.
                   A        B        C        D        E       F      G
               +--------+--------+--------+--------+--------+-----+--------+
         Total |   1613 |   1613 |      0 |    173 |   1057 |   3 |  537.7 |
       Dungeon |   1613 |   1613 |      0 |    173 |   1057 |   3 |  537.7 |
               +--------+--------+--------+--------+--------+-----+--------+

Top non-repeatable levels by time:
     D:1: 845 daAuts
     D:2: 681 daAuts
     D:3: 86 daAuts
